 Dungeon Crawl Stone Soup version 0.29-a0-609-gb56f46d856 (webtiles) character file.

Game seed: 2552043617012072396

3883 Essalna the Fighter (level 10, -1/78 HPs)
             Began as a Djinni Conjurer on June 13, 2022.
             Was a Believer of Makhleb.
             Slain by an orc wizard
             ... wielding a +0 dagger
              (3 damage)
             ... on level 8 of the Dungeon on June 16, 2022.
             The game lasted 00:20:44 (10464 turns).

Essalna the Fighter (Djinni Conjurer)              Turns: 10464, Time: 00:20:45

Health: -1/78      AC:  4    Str:  6    XL:     10   Next: 42%
Gold:   265        EV: 13    Int: 21    God:    Makhleb [**....] SH:  4 Dex: 13

rFire   + + +      SeeInvis .   u - +0 hand axe (elec)
rCold   . . .      Faith    .   G - +0 buckler
rNeg    . . .      Spirit   .   a - +0 robe
rPois   ∞          Reflect  .   y - +1 helmet
rElec   .          Harm     .   x - scarf {rC+ rF+}
rCorr   .          Rampage  .   (no gloves)
Will    ++...                   (boots unavailable)
Stlth   ++........              (no amulet)
HPRegen 0.23/turn               H - ring of protection from fire
MPRegen 0.00/turn               n - ring of willpower

@: flying
A: sickness immunity, fire resistance 2, cold vulnerability 1, float, innate
caster, HP casting, extra vitality 1, dopey 1, sturdy frame 1
a: Renounce Religion, Minor Destruction


You were on level 8 of the Dungeon.
You worshipped Makhleb.
Makhleb was pleased with you.
You visited 1 branch of the dungeon, and saw 8 of its levels.
You also visited: Sewer.

You collected 405 gold pieces.
You spent 140 gold pieces at shops.

Inventory:

Hand Weapons
 c - a +0 dagger
 u - a +0 hand axe of electrocution (weapon)
Missiles
 E - 2 throwing nets
Armour
 a - a +0 robe (worn)
 x - a scarf of resistance (worn)
 y - a +1 helmet (worn)
 G - a +0 buckler (worn)
Magical Staves
 v - a staff of poison
Jewellery
 g - a +6 ring of dexterity
 n - a ring of willpower (right hand)
 t - a ring of ice
 H - a ring of protection from fire (left hand)
 I - the ring "Ysoetan" {Fire rPois Dex+3}
   (You bought it in a shop on level 1 of the Dungeon)

   [ring of fire]

   It enhances your fire magic.
   Dex:       It affects your dexterity (+3).
   rF:        It protects you from fire.
   rC:        It makes you vulnerable to cold.
   rPois:     It protects you from poison.
Wands
 D - a wand of digging (9)
 J - a wand of polymorph (11)
Scrolls
 f - 8 scrolls of identify
 i - 2 scrolls of amnesia
 k - 6 scrolls of teleportation
 m - a scroll of magic mapping
 p - a scroll of poison {unknown}
 q - 2 scrolls of fear {unknown}
 s - a scroll of enchant weapon {unknown}
 z - a scroll of acquirement {unknown}
 A - a scroll of fog {unknown}
Potions
 b - 2 potions of degeneration
 d - 2 potions of mutation
 e - 3 potions of flight
 h - a potion of magic {unknown}
 j - 2 potions of berserk rage {unknown}
 l - a potion of lignification {unknown}
 o - a potion of attraction {unknown}
 r - 3 potions of heal wounds {unknown}
 w - 2 potions of curing {unknown}
 B - a potion of cancellation {unknown}
 C - 2 potions of haste {unknown}
 F - a potion of might {unknown}


   Skills:
 + Level 9.3 Fighting
 + Level 2.9 Armour
 + Level 4.1 Dodging
 - Level 1.5 Stealth
 + Level 2.9 Shields
 + Level 8.0 Spellcasting


You had 2 spell levels left.
You knew the following spells:

 Your Spells              Type           Power      Damage    Failure   Level
a - Magic Dart            Conj           100%       1d8       1%          1
b - Searing Ray           Conj           84%        2d7       1%          2
c - Dazzling Flash        Conj/Hex       84%        N/A       1%          3
d - Fulminant Prism       Conj/Hex       21%        3d13      3%          4
e - Iskenderun's Mystic   Conj/Tloc      42%        2d10      3%          4
f - Slow                  Hex            100%       N/A       1%          1
g - Static Discharge      Conj/Air       42%        N/A       1%          2
h - Tukima's Dance        Hex            42%        N/A       1%          3
i - Summon Guardian Gole  Hex/Summ       42%        N/A       1%          3
Your spell library was empty.

Dungeon Overview and Level Annotations

Branches:
Dungeon (8/15)             Temple (0/1) D:7           Sewer (visited)
   Lair: D:8-11

Altars:
Cheibriados
Dithmenos
Elyvilon
Hepliaklqana
Makhleb
Sif Muna
Uskayaw
The Shining One

Shops:
D:1 [((*   D:2 !   D:7 ?

Annotations:
D:8 1 runed translucent door, Johnny's ghost, novice TrBe


Innate Abilities, Weirdness & Mutations

You are immune to sickness and miasma.
You are immune to poison.
Your flesh is very heat resistant. (rF++)
You are vulnerable to cold. (rC-)
You float through the air rather than walking.
You learn spells naturally, not from books.
Your magical power is your life essence.
You have superior vitality. (+4 MHP)
You are dopey. (Int -2)
Your movements are slightly less encumbered by armour. (ER -2)


Message History

Casting: Iskenderun's Mystic Blast (dangerous; 3% risk of failure)
Confirm with . or Enter, or press ? or * to list all spells.
You erupt in a blast of force!
The mystic blast hits the wight!
The wight is severely damaged.
The wight is knocked back by the mystic blast.
The wight slams into the rock wall!
* * * LOW HITPOINT WARNING * * *
Casting: Iskenderun's Mystic Blast (dangerous; 3% risk of failure)
Confirm with . or Enter, or press ? or * to list all spells.
You erupt in a blast of force!
The mystic blast hits the wight but does no damage.
The wight is severely damaged.
The mystic blast hits the wight!
You destroy the wight!
Makhleb accepts your kill.
* * * LOW HITPOINT WARNING * * *
The wight completely misses you.
Casting: Iskenderun's Mystic Blast (dangerous; 3% risk of failure)
Confirm with . or Enter, or press ? or * to list all spells.
You don't have enough health to cast this spell.
It was a potion of mutation.
You feel extremely strange.
You feel stupid.
You feel less encumbered by your armour.
The wight completely misses you.
Casting: Iskenderun's Mystic Blast (dangerous; 3% risk of failure)
Confirm with . or Enter, or press ? or * to list all spells.
You don't know that spell.
Casting: Iskenderun's Mystic Blast (dangerous; 3% risk of failure)
Confirm with . or Enter, or press ? or * to list all spells.
Okay, then.
Casting: Iskenderun's Mystic Blast (dangerous; 3% risk of failure)
Confirm with . or Enter, or press ? or * to list all spells.
Aiming: Tukima's Dance (safe; 1% risk of failure)
Press: ? - help, Shift-Dir - straight line, f - wight
Aim: a wight, wielding a +0 halberd and wearing a +3 chain mail (severely damaged, chance to affect: 67%)
The +0 halberd dances into the air!
* * * LOW HITPOINT WARNING * * *
An orc priest comes into view. It is wielding a +0 club.
The orc wizard hits you with a +0 dagger.
You die...

♣♣# ...... ♣..#>
.... ♣.##.##+####.o.
...#8........)#
..W#..........+
♣i+........).#
♣#....)..o..#
♣#8......o..#
♣##......@..#
♣hi#......)..#
#....)(.z.#
##########.........#
...........##'###'##
...........#...# ...
...........#...#
....
...........#...#
....
...........#...'


You could see a wight (ally target), an orc priest, an orc wizard, an orc and a
friendly +0 halberd.

Vanquished Creatures
  The ghost of Cercoroba the Cutter, a novice HOFi (D:3)
  Joseph (D:7)
  Maggie (D:7)
  The ghost of Malachi the Cutter, a novice DsFi (D:5)
  A hornet (D:7)
  4 black bears
  An orc warrior (D:8)
  2 ice beasts (D:6)
  A sky beast (D:7)
  An ogre (D:5)
  A phantom (D:6)
  3 bullfrogs
  4 scorpions
  5 wights (D:8)
  The ghost of Nedwor the Chopper, a weakling MiBe of Trog (D:3)
  2 howler monkeys (D:8)
  A crimson imp (D:3)
  6 jellies
  2 hounds
  2 gnoll shamans (D:7)
  An orc wizard (D:8)
  3 iguanas
  Terence (D:3)
  7 adders
  13 gnolls
  5 river rats
  A white imp (D:5)
  An ufetubus (D:6)
  A dart slug (D:4)
  5 orcs
  13 ball pythons
  9 bats
  19 endoplasms
  7 giant cockroaches
  8 hobgoblins
  4 jackals (D:3)
  5 kobolds
  4 quokkas
  5 frilled lizards
  9 goblins
  A goblin skeleton (D:3)
  A goblin zombie (D:3)
  3 kobold skeletons (D:3)
  3 orc skeletons (D:3)
  An orc zombie (D:3)
  6 rats
177 creatures vanquished.

Vanquished Creatures (others)
  A demonic plant (D:1)
  A fungus (D:8)
  5 withered plants (D:3)
7 creatures vanquished.

Grand Total: 184 creatures vanquished

Notes
Turn   | Place    | Note
-------+----------+-------------------------------------------
     0 | D:1      | Essalna the Djinni Conjurer began the quest for the Orb.
     0 | D:1      | Reached XP level 1. HP: 15/15 MP: 0/0
    46 | D:1      | Found Hoafep's Armour Shop.
   252 | D:1      | Reached XP level 2. HP: 19/22 MP: 0/0
   298 | D:1      | Reached skill level 1 in Fighting
   427 | D:1      | Found Nuwkafin's Weapon Emporium.
   576 | D:1      | Found Muklerr's Antique Weapon Boutique.
   588 | D:1      | Found Hiraa's Assorted Antiques.
   705 | D:1      | Reached XP level 3. HP: 25/27 MP: 0/0
   705 | D:1      | Learned a level 1 spell: Slow
  1232 | D:1      | Found a faded altar of an unknown god.
  1366 | D:2      | Found Sioshreng's Distillery.
  1471 | D:2      | Reached skill level 2 in Fighting
  1559 | D:2      | Reached XP level 4. HP: 29/33 MP: 0/0
  1773 | D:2      | Identified the +8 quarterstaff "Lerecuh" {antimagic, Will+
                  | Int+4 Dex-5}
  2101 | D:3      | Noticed Terence
  2109 | D:3      | Killed Terence
  2110 | D:3      | Reached XP level 5. HP: 1/39 MP: 0/0
  2110 | D:3      | Learned a level 2 spell: Static Discharge
  2415 | D:3      | Reached skill level 3 in Fighting
  2823 | D:3      | Found a glowing golden altar of the Shining One.
  2933 | D:3      | Found a runed translucent gate.
  2933 | D:3      | Found a runed translucent gate.
  2933 | D:3      | Found a runed translucent gate.
  2936 | D:3      | Noticed Cercoroba's ghost (novice HOFi)
  2936 | D:3      | Noticed Nedwor's ghost (weakling MiBe)
  2947 | D:3      | Reached XP level 6. HP: 42/46 MP: 0/0
  3398 | D:4      | Noticed a black bear
  3404 | D:4      | Killed a black bear
  3405 | D:4      | Reached skill level 4 in Fighting
  3984 | D:4      | Reached XP level 7. HP: 37/53 MP: 0/0
  3984 | D:4      | Learned a level 3 spell: Tukima's Dance
  4140 | D:4      | Reached skill level 5 in Spellcasting
  4541 | D:4      | Found a hazy altar of Hepliaklqana.
  4819 | D:4      | Found a burning altar of Makhleb.
  4892 | D:4      | Became a worshipper of Makhleb the Destroyer
  4922 | D:5      | Entered Level 5 of the Dungeon
  5099 | D:5      | Found a white marble altar of Elyvilon.
  5100 | D:5      | Found a snail-covered altar of Cheibriados.
  5100 | D:5      | Found a shadowy altar of Dithmenos.
  5111 | D:5      | Reached skill level 5 in Fighting
  5326 | D:5      | Found a runed translucent gate.
  5327 | D:5      | Found a runed translucent gate.
  5328 | D:5      | Found a runed translucent gate.
  5330 | D:5      | Noticed Malachi's ghost (novice DsFi)
  6180 | D:6      | Reached XP level 8. HP: 52/61 MP: 0/0
  6283 | D:6      | Found a glowing drain.
  6287 | Sewer    | Entered a sewer
  6506 | Sewer    | Reached * piety under Makhleb
  6507 | Sewer    | Reached skill level 6 in Fighting
  6613 | Sewer    | Found a viscous altar of Jiyva.
  7167 | D:6      | Reached skill level 7 in Fighting
  7231 | D:6      | Reached XP level 9. HP: 29/68 MP: 0/0
  7231 | D:6      | Learned a level 3 spell: Summon Guardian Golem
  7502 | D:6      | Found a hide-covered altar of Uskayaw.
  8406 | D:7      | Noticed a hornet
  8412 | D:7      | Killed a hornet
  8413 | D:7      | Reached skill level 8 in Fighting
  8681 | D:7      | Noticed Maggie
  8692 | D:7      | Killed Maggie
  8706 | D:7      | Reached ** piety under Makhleb
  9024 | D:7      | Found Imeplo's Magic Scroll Shoppe.
  9052 | D:7      | Found a staircase to the Ecumenical Temple.
  9206 | D:1      | Bought a crude platinum ring for 140 gold pieces
  9206 | D:1      | Identified the ring "Ysoetan" {Fire rPois Dex+3} (You
                  | bought it in a shop on level 1 of the Dungeon)
  9327 | D:3      | Killed Nedwor's ghost
  9331 | D:3      | Killed Cercoroba's ghost
  9332 | D:3      | Reached skill level 1 in Armour
  9332 | D:3      | Reached skill level 1 in Shields
  9332 | D:3      | Reached XP level 10. HP: 23/77 MP: 0/0
  9659 | D:5      | Upgraded the game from 0.29-a0-575-g0dc89cf053 to
                  | 0.29-a0-609-gb56f46d856
  9673 | D:5      | Killed Malachi's ghost
  9674 | D:5      | Reached skill level 9 in Fighting
  9878 | D:7      | Noticed Joseph
  9891 | D:7      | Killed Joseph
 10442 | D:8      | Found a runed translucent door.
 10447 | D:8      | Identified the +5 spear "Roupov" {drain, Dex+3}
 10447 | D:8      | Noticed Johnny's ghost (novice TrBe)
 10463 | D:8      | Gained mutation: You are dopey. (Int -2) [potion of
                  | mutation]
 10463 | D:8      | Gained mutation: Your movements are slightly less
                  | encumbered by armour. (ER -2) [potion of mutation]
 10464 | D:8      | Slain by an orc wizard

Illustrated notes

Levels and vault maps discovered:
D:1:      lemuel_arrival_river_passageway, layout_basic,
          shapermc_ecumenical_altar_gd, serial_shops, nicolae_shop_crystal,
          shop, shop, shop
D:2:      layout_rooms, serial_shops, shop_fountains
D:3:      layout_basic, nicolae_tso_besieged_by_evil, gammafunk_ghost_cemetery,
          chequers_avenue, uniq_terence
D:4:      layout_layer_cave, mainiacjoe_overflow_big_doors
D:5:      layout_basic, grunt_temple_overflow_open, ebering_ghost_rock_garden
D:6:      layout_basic, nicolae_uskayaw_murder_on_the_dancefloor,
          gup_sewer_entry_spiral
D:7:      layout_loops_ring, minmay_temple_entry_poolview, serial_shops,
          kennysheep_mini_moat, uniq_joseph, uniq_maggie
D:8:      layout_gridville, ebering_ghost_funeral_grove, uniq_maurice

Skill      XL: |  1  2  3  4  5  6  7  8  9 10 |
---------------+-------------------------------+-----
Fighting       | 1 2 3 4 5 7 8 9 |  9.3
Spellcasting   | 4 5 6 7 8 |  8.0
Armour         | 1 2 |  2.9
Shields        | 1 2 |  2.9
Dodging        | 4 |  4.1
Stealth        | |  1.5

Action                   |  1- 3 |  4- 6 |  7- 9 | 10-12 || total
-------------------------+-------+-------+-------+-------++-------
Melee: Dagger            |     5 |       |       |       ||     5
       Hand axe          |       |    15 |    11 |     1 ||    27
       Punch             |       |       |     1 |       ||     1
 Cast: Magic Dart        |    76 |    96 |   134 |       ||   306
       Searing Ray       |       |     7 |    28 |     1 ||    36
       Iskenderun's Myst |       |       |    22 |    29 ||    51
       Summon Guardian G |       |       |     2 |       ||     2
       Tukima's Dance    |       |       |       |     1 ||     1
  Use: Potion            |       |     1 |       |     1 ||     2
       Scroll            |       |       |     6 |       ||     6
 Stab: Sleeping          |       |       |     2 |       ||     2
Armor: Robe              |     5 |     1 |    20 |     1 ||    27
Dodge: Dodged            |    12 |    18 |    55 |     3 ||    88

Table legend: (Time is in decaauts)
 A = Elapsed time spent in this place.
 B = Non-inter-level travel time spent in this place.
 C = Inter-level travel time spent in this place.
 D = Time resting spent in this place.
 E = Time spent auto-exploring this place.
 F = Levels seen in this place.
 G = Mean time per level.
                   A        B        C        D        E       F      G
               +--------+--------+--------+--------+--------+-----+--------+
         Total |  10475 |   9812 |    663 |    501 |   8160 |   9 | 1163.9 |
       Dungeon |   9988 |   9325 |    663 |    501 |   7771 |   8 | 1248.5 |
         Sewer |    487 |    487 |      0 |      0 |    389 |   1 |  487.0 |
               +--------+--------+--------+--------+--------+-----+--------+

Top non-repeatable levels by time:
     D:3: 1818 daAuts
     D:6: 1646 daAuts
     D:5: 1386 daAuts
     D:1: 1377 daAuts
     D:4: 1314 daAuts
     D:7: 1311 daAuts
     D:2: 881 daAuts
   Sewer: 487 daAuts
     D:8: 252 daAuts
